 Dungeon Crawl Stone Soup version 0.30-a0-920-g7493c07aab (webtiles) character file.

Game seed: 7677560433100065670

88 Iniera the Chopper (level 4, -1/23 HPs)
             Began as a Vine Stalker Fighter on Mar 21, 2023.
             Killed from afar by an orc wizard (9 damage)
             ... with a puff of flame
             ... on level 3 of the Dungeon.
             The game lasted 00:01:07 (630 turns).

Iniera the Chopper (Vine Stalker Fighter)            Turns: 630, Time: 00:01:08

Health: -1/23      AC:  6    Str: 21    XL:     4   Next: 54%
Magic:  0/5        EV:  9    Int:  8    God:
Gold:   64         SH:  4    Dex: 13    Spells: 3/3 levels left

rFire   . . .      SeeInvis .    a - +0 war axe
rCold   . . .      Faith    .    c - +0 buckler
rNeg    . . .      Spirit   +    b - +0 scale mail
rPois   .          Reflect  .    (no helmet)
rElec   .          Rampage  .    (no cloak)
rCorr   .                        (no gloves)
Will    .....                    (no boots) Stlth
                                 (no amulet)
HPRegen 1.03/turn                (no ring)
MPRegen 0.09/turn                (no ring)

@: no status effects
A: fangs 2, regeneration 1, magic shield, antimagic bite, no potion heal 2
a: no special abilities


You were on level 3 of the Dungeon.
You visited 1 branch of the dungeon, and saw 3 of its levels.

You collected 64 gold pieces.

Inventory:

Hand Weapons
 a - a +0 war axe (weapon)
Armour
 b - a +0 scale mail (worn)
 c - a +0 buckler (worn)
Wands
 n - a wand of polymorph (9)
Scrolls
 g - a scroll of teleportation {unknown}
 h - 2 scrolls of identify {unknown}
 i - a scroll of blinking {unknown}
 j - a scroll of silence {unknown}
 l - a scroll of fog {unknown}
 m - a scroll of enchant weapon {unknown}
Potions
 d - a potion of might
 f - a potion of degeneration {unknown}
 k - a potion of berserk rage {unknown}


   Skills:
 - Level 2.6 Fighting
 * Level 4.2 Axes
 - Level 2.4 Armour
 - Level 2.6 Shields


You had 3 spell levels left.
You didn't know any spells.
Your spell library was empty.

Dungeon Overview and Level Annotations

Branches:
Dungeon (2/15)

Altars:


Innate Abilities, Weirdness & Mutations

You have extremely sharp teeth.
Your natural rate of healing is unusually fast.
When hurt, damage is shared between your health and your magic reserves.
Your bite disrupts and absorbs the magic of your enemies.
Potions cannot restore your health.


Message History

* * * LOW HITPOINT WARNING * * *
The ball python bites you but does no damage.
The ball python constricts you.
You barely miss something. You hit the ball python.
Something hits you but does no damage. The ball python bites you.
* * * LOW HITPOINT WARNING * * *
The ball python constricts you. Something hits you.
* * * LOW HITPOINT WARNING * * *
You slash the ball python!
You kill the ball python!
You miss something. Something hits you.
* * * LOW HITPOINT WARNING * * *
You barely miss something. Something hits you.
* * * LOW HITPOINT WARNING * * *
You barely miss something. You block something's attack.
Something hits you but does no damage.
You barely miss something. Your bite misses something.
Something hits you but does no damage.
You completely miss something. Something hits you but does no damage.
You miss something.
Something hits you but does no damage. x2
You miss something. You bite something. Something hits you.
* * * LOW HITPOINT WARNING * * *
You barely miss something. Your bite misses something.
You hear some strange, mumbled words.
A puff of flame appears from out of thin air!
The puff of flame misses you.
You barely miss something. Your bite misses something.
You hear some strange, mumbled words.
A puff of flame appears from out of thin air!
The puff of flame hits you.
* * * LOW HITPOINT WARNING * * *
Something hits you but does no damage.
You barely miss something. Your bite misses something.
Something hits you but does no damage.
You barely miss something. Something hits you but does no damage.
You barely miss something.
You hear some strange, mumbled words.
A puff of flame appears from out of thin air!
The puff of flame hits you!
You die...

######## #......#
#.####.#
####.####.#######
#...............#
#####.##.####.#####.#
#.....##......# #.#
#.......####### #.#
#.#####@# #.#### #
#{# #.#... #o########
#...#. #........#
###... #)....>..#
#####.# ..........#
#...... ..###.......#
#.###.. ## #.....?.#
#.##<#. #.......#
#.#.###


You could see an orc.

Vanquished Creatures
  Ijyb (D:3)
  An orc wizard (D:3)
  An adder (D:3)
  An orc (D:3)
  5 bats
  2 endoplasms (D:1)
  A giant cockroach (D:1)
  3 goblins (D:1)
  5 hobgoblins (D:1)
  2 kobolds (D:1)
  2 ball pythons
  A frilled lizard (D:1)
  3 rats (D:1)
28 creatures vanquished.

Notes
Turn   | Place    | Note
-------+----------+-------------------------------------------
     0 | D:1      | Iniera the Vine Stalker Fighter began the quest for the
                  | Orb.
     0 | D:1      | Reached XP level 1. HP: 11/11 MP: 2/2
    29 | D:1      | Reached skill level 2 in Axes
    62 | D:1      | Reached XP level 2. HP: 15/16 MP: 3/3
   196 | D:1      | Reached skill level 3 in Axes
   373 | D:1      | Reached XP level 3. HP: 16/19 MP: 2/4
   479 | D:2      | You fall into a shaft and drop 1 floor!
   564 | D:3      | Noticed Ijyb
   571 | D:3      | Killed Ijyb
   572 | D:3      | Gained mutation: Your natural rate of healing is unusually
                  | fast. [Vine Stalker growth]
   572 | D:3      | Reached XP level 4. HP: 18/23 MP: 2/5
   613 | D:3      | Reached skill level 4 in Axes
   630 | D:3      | Killed from afar by an orc wizard

Illustrated notes

Levels and vault maps discovered:
D:1:      lemuel_arrival_room, layout_rooms
D:2:      layout_rooms, guppyfry_early_orc_mine
D:3:      layout_loops_cross, mainiacjoe_overflow_catwalk, uniq_ijyb

Skill      XL: |  1  2  3  4 |
---------------+-------------+-----
Axes           | 2 3 4 |  4.2
Fighting       | |  2.6
Armour         | |  2.4
Shields        | |  2.6

Action                     |  1- 3 |  4- 6 || total
---------------------------+-------+-------++-------
  Melee: War axe           |    54 |    23 ||    77
         Bite              |     9 |     1 ||    10
         Unarmed           |     3 |       ||     3
    Use: Potion            |       |     1 ||     1
 Armour: Scale mail        |    25 |    18 ||    43
  Dodge: Dodged            |    31 |     9 ||    40
  Block: Buckler           |    11 |     1 ||    12

Table legend: (Time is in decaauts)
 A = Elapsed time spent in this place.
 B = Non-inter-level travel time spent in this place.
 C = Inter-level travel time spent in this place.
 D = Time resting spent in this place.
 E = Time spent auto-exploring this place.
 F = Levels seen in this place.
 G = Mean time per level.
                   A        B        C        D        E       F      G
               +--------+--------+--------+--------+--------+-----+--------+
         Total |    659 |    657 |      2 |     23 |    439 |   3 |  219.7 |
       Dungeon |    659 |    657 |      2 |     23 |    439 |   3 |  219.7 |
               +--------+--------+--------+--------+--------+-----+--------+

Top non-repeatable levels by time:
     D:1: 417 daAuts
     D:3: 159 daAuts
     D:2: 81 daAuts
